 Dungeon Crawl Stone Soup version 0.23-a0-175-g97aacdb (webtiles) character file.

65 Amnesiac the Chiller (level 3, -1/24 HPs)
             Began as a Mummy Ice Elementalist on Sept 17, 2018.
             Slain by Purgy (3 damage)
             ... in a sewer.
             The game lasted 00:04:09 (1275 turns).

Amnesiac the Chiller (Mummy Ice Elementalist)       Turns: 1275, Time: 00:04:10

Health: -1/24      AC:  3    Str: 11    XL:     3   Next: 92%
Magic:  8/8        EV: 12    Int: 15    God:
Gold:   59         SH:  0    Dex: 12    Spells: 3/9 levels left

rFire    x . .     SeeInvis .   h - +0 blowgun
rCold    + . .     Gourm    .   (no shield)
rNeg     + + +     Faith    .   a - +0 robe
rPois    ∞         Spirit   .   (no helmet)
rElec    .         Reflect  .   (no cloak)
rCorr    .         Harm     .   b - +0 pair of gloves
MR       .....                  (no boots)
Stlth    ++........             (no amulet)
HPRegen  0.08/turn              (no ring)
MPRegen  0.11/turn              (no ring)

@: no status effects
A: no food or potions, fire vulnerability, cold resistance 1, negative energy
resistance 3, torment resistance, unbreathing
a: no special abilities


You were in a sewer.
You were not hungry.

You visited 1 branch of the dungeon, and saw 4 of its levels.
You also visited: Sewer.

You collected 59 gold pieces.

Inventory:

Hand Weapons
 g - a +0 dagger
 h - a +0 blowgun (weapon)
Missiles
 i - 27 poisoned needles (quivered)
Armour
 a - a +0 robe (worn)
 b - a +0 pair of gloves (worn)
Scrolls
 d - a scroll of enchant weapon {!r}
 e - a scroll of noise {!r}
 f - a scroll of amnesia {!r}
 j - 2 scrolls of random uselessness {!r, unknown}


   Skills:
 - Level 1.5 Dodging
 - Level 1.5 Stealth
 + Level 3.6 Spellcasting
 - Level 0.7 Conjurations
 * Level 3.6 Ice Magic


You had 3 spell levels left.
You knew the following spells:

 Your Spells              Type           Power        Failure   Level  Hunger
a - Freeze                Ice            ##..         4%          1    N/A
e - Throw Frost           Conj/Ice       #.....       12%         2    N/A
z - Ozocubu's Armour      Chrm/Ice       #.......     26%         3    N/A

Your spell library contained the following spells:

 Spells                   Type           Power        Failure   Level  Hunger
 Throw Icicle             Conj/Ice       #.......     58%         4    N/A
 Summon Ice Beast         Ice/Summ       #.......     65%         4    N/A

Dungeon Overview and Level Annotations

Branches:
Dungeon (4/15)
 Temple: D:4-7

Altars:
Makhleb
Ru

Annotations:
Sewer Purgy


Innate Abilities, Weirdness & Mutations

You do not eat or drink.
Your flesh is vulnerable to fire.
You are immune to poison.
Your flesh is cold resistant. (rC+)
You are immune to negative energy. (rN+++)
You are immune to unholy pain and torment.
You can survive without breathing.


Message History

Really read
g - a scroll of remove curse {!r}?
As you read the scroll of remove curse {!r}, it crumbles to dust.
You feel as if something is helping you.
Wield which item (- for none, * to show all)? (? for menu, Esc to quit)
h - a +0 blowgun (weapon)
Items here: ( ) †† a dagger; 4 stones; a kobold corpse; a jackal corpse
Things that are here:
an enchanted blowgun; an uncursed dagger; a jackal corpse
g - an uncursed dagger Wield which item (- for none, * to show all)? (? for menu, Esc to quit)
Okay, then.
Drop what? 10/52 slots (_ for help) (? for menu, Esc to quit)
You drop a -2 short sword.
You enter the shallow water.
Moving in this stuff is going to be slow.
You enter the shallow water.
Moving in this stuff is going to be slow.
You enter the shallow water.
Moving in this stuff is going to be slow.
Okay, then.
You enter the shallow water.
Moving in this stuff is going to be slow.
Purgy the Meek comes into view.
Found a scale mail and a hunting sling.
Found 20 gold pieces.
Purgy shouts!
Found a pair of gloves.
Found 14 stones and a spear.
Wear which item? (? for menu, Esc to quit)
Okay, then.
Purgy snarls, "Go!
Away!"
Purgy closely misses you. x2; Purgy completely misses you.
You enter the shallow water.
Moving in this stuff is going to be slow.
Purgy bites you. Purgy barely misses you. Purgy closely misses you.
You enter the shallow water.
Moving in this stuff is going to be slow.
Purgy hisses menacingly.
Purgy pleads, "Don't hit me!"
Quiver which item? (- for none, * to show all) (? for menu, Esc to quit)
Okay, then.
Firing (i - inventory)
i - 29 poisoned needles (quivered)
Press: ? - help, Shift-Dir - straight line, f - Purgy
Aim: Purgy You shoot a poisoned needle.
The poisoned needle hits Purgy.
You hear a splash.
Purgy bites you but does no damage. Purgy claws you. x2
Firing (i - inventory)
i - 28 poisoned needles (quivered)
Press: ? - help, Shift-Dir - straight line, f/p - Purgy
Aim: Purgy You shoot a poisoned needle.
The poisoned needle closely misses Purgy.
You hear a splash.
Purgy bites you! Purgy claws you.
* * * LOW HITPOINT WARNING * * *
Purgy barely misses you. Purgy bites you!
* * * LOW HITPOINT WARNING * * *
Purgy claws you.
* * * LOW HITPOINT WARNING * * *
Purgy closely misses you.
Purgy closely misses you. x2; Purgy claws you.
You die...

# # # ######## # ##
###......### ## #)$
###.@≈.≈≈≈≈..### #.
#[.##..T.≈####.≈≈..###
#. ###≈≈.≈.###
###.≈...###. #.≈≈..≈##
##.≈.≈.≈.≈ ###≈≈.(.###
###.....###≈
#[≈##.....####.≈.≈.###
#. #)(
###...≈≈.≈.≈.### #. ##
###....≈.### ##
######## #


You could see Purgy.

Vanquished Creatures
  2 adders (D:2)
  An ooze (D:3)
  A worm (D:3)
  An orc (D:3)
  5 giant cockroaches
  5 goblins
  2 hobgoblins (D:2)
  2 jackals (Sewer)
  2 quokkas
  7 bats
  4 frilled lizards
  5 kobolds
  3 rats (D:3)
40 creatures vanquished.

Notes
Turn   | Place    | Note
-------+----------+-------------------------------------------
     0 | D:1      | Amnesiac the Mummy Ice Elementalist began the quest for the
                  | Orb.
     0 | D:1      | Reached XP level 1. HP: 13/13 MP: 4/4
   102 | D:2      | Reached XP level 2. HP: 14/19 MP: 0/5
   344 | D:2      | Learned a level 2 spell: Throw Frost
   445 | D:2      | Reached XP level 3. HP: 24/24 MP: 4/7
   450 | D:2      | Learned a level 3 spell: Ozocubu's Armour
   827 | D:3      | Found a sacrificial altar of Ru.
   884 | D:3      | Found a burning altar of Makhleb.
  1109 | D:3      | Found a glowing drain.
  1120 | Sewer    | Entered a sewer
  1237 | Sewer    | Noticed Purgy
  1275 | Sewer    | Slain by Purgy

Vault maps used:
D:1:      ldierk_water_garden
D:2:      minmay_misc_feat_five
D:3:      lemuel_doored_altar, first_ration, portal_sewer_entry_b,
          bloody_makhleb
D:4:      minmay_goblin_kobold_castle, kennysheep_generic_room_6
Sewer:    sewer_the_crocodile

Skill      XL: |  1  2 |
---------------+-------+-----
Spellcasting   | 3 |  3.6
Ice Magic      | 3 |  3.6
Dodging        | |  1.5
Stealth        | |  1.5
Conjurations   | |  0.7

Action                   || total
-------------------------++-------
Melee: Short sword       ||    16
 Fire: Blowgun           ||     2
 Cast: Freeze            ||    70
  Use: Scroll            ||     5
 Stab: Sleeping          ||     1
Armor: Robe              ||    19
Dodge: Dodged            ||    64

Table legend:
 A = Non-vault XP
 B = Vault XP
 C = Vault XP percentage of total XP
 D = Non-vault monster count
 E = Vault monster count
 F = Vault count percentage of total count
                 A         B        C        D         E       F
            +---------+---------+-------+---------+---------+-------
      Total |      83 |      10 |  10.8 |      33 |       7 |  17.5
            +---------+---------+-------+---------+---------+-------
        D:2 |      48 |       0 |   0.0 |      16 |       0 |   0.0
        D:3 |      35 |       3 |   7.9 |      17 |       2 |  10.5
      Sewer |       0 |       7 | 100.0 |       0 |       5 | 100.0
            +---------+---------+-------+---------+---------+-------
